[Event "ICC tourney 2093 (45 10)"]
[Site "Internet Chess Club"]
[Date "2020.10.31"]
[Round "3"]
[White "speedskater"]
[Black "GGuseinov"]
[Result "1/2-1/2"]
[ICCResult "Black stalemated"]
[WhiteElo "2629"]
[BlackElo "2711"]
[Opening "King's Indian: 6.Be2"]
[ECO "E91"]
[NIC "KI.19"]
[Time "16:01:51"]
[TimeControl "2700+10"]

1. d4 Nf6 2. c4 g6 3. Nc3 Bg7 4. e4 d6 5. Nf3 O-O 6. Be2 Bg4 7. Be3 Nfd7 8.
Rc1 a6 9. O-O c5 10. d5 b5 11. Nd2 Bxe2 12. Qxe2 bxc4 13. Nxc4 Nb6 14. b4
Nxc4 15. Qxc4 cxb4 16. Qxb4 Nd7 17. Ne2 Qb8 18. Rb1 Qxb4 19. Rxb4 Rfc8 20.
Nd4 a5 21. Rb5 Bxd4 22. Bxd4 Rc4 23. Rd1 Rb8 24. Rxb8+ Nxb8 25. f3 Nd7 26.
Rd2 f5 27. Kf2 fxe4 28. fxe4 Kf7 29. Ke3 e5 30. dxe6+ Kxe6 31. Kf4 a4 32.
Kg5 Nc5 33. Bxc5 Rxc5+ 34. Kf4 g5+ 35. Ke3 Ke5 36. Rd4 Rc3+ 37. Rd3 Rxd3+
38. Kxd3 Kf4 39. Kd4 h5 40. Kd3 h4 41. Kd4 g4 42. a3 h3 43. gxh3 gxh3 44.
Kd3 Kf3 45. Kd4 Ke2 46. Kd5 Ke3 47. Kxd6 Kxe4 48. Kc5 Ke3 49. Kc4 Ke2 50.
Kc3 Ke1 51. Kc2 Ke2 52. Kc3 Ke3 53. Kc4 Kd2 54. Kd4 Kc2 55. Kc4 Kd2 56. Kd4
Ke2 57. Ke4 Kf2 58. Kf4 Kg2 59. Ke3 Kh1 60. Kf3 Kxh2 61. Kf2 Kh1 62. Kf1 Kh2
63. Kf2 Kh1 64. Kf1 h2 65. Kf2 {Black stalemated} 1/2-1/2

[Event "ICC tourney 2093 (45 10)"]
[Site "Internet Chess Club"]
[Date "2020.10.31"]
[Round "3"]
[White "hollyelf"]
[Black "jy2020"]
[Result "0-1"]
[ICCResult "White forfeits on time"]
[WhiteElo "2057"]
[BlackElo "2231"]
[Opening "Sicilian: Najdorf"]
[ECO "B90"]
[NIC "SI.14"]
[Time "16:02:24"]
[TimeControl "2700+10"]

1. e4 c5 2. Nf3 d6 3. d4 cxd4 4. Nxd4 Nf6 5. Nc3 a6 6. h4 e5 7. Nb3 Be6 8.
f4 exf4 9. Bxf4 Nc6 10. Qd2 Be7 11. O-O-O Ne5 12. Qd4 Qc7 13. Nd5 Bxd5 14.
exd5 Rc8 15. c3 Nfd7 16. Qe3 O-O 17. g4 Rfe8 18. g5 Bf8 19. h5 Nb6 20. Bh3
Rcd8 21. Qg3 g6 22. h6 Nbc4 23. Nd2 Qa5 24. Bxe5 Nxe5 25. Ne4 Qxa2 26. Nf6+
Kh8 27. Nxe8 Nc4 28. Rh2 Rxe8 29. Qd3 Na3 30. bxa3 Qxh2 31. Rd2 Qg1+ 32. Kb2
Qxg5 33. Qd4+ Kg8 34. Rf2 Bxh6 35. Qd1 b5 36. Qf1 Bg7 37. Re2 Re3
{White forfeits on time}
0-1

[Event "ICC tourney 2093 (45 10)"]
[Site "Internet Chess Club"]
[Date "2020.10.31"]
[Round "3"]
[White "helavir"]
[Black "Openyagami"]
[Result "0-1"]
[ICCResult "White resigns"]
[WhiteElo "2606"]
[BlackElo "2592"]
[Opening "Sicilian: Scheveningen, classical main line"]
[ECO "B48"]
[NIC "SI.40"]
[Time "16:02:24"]
[TimeControl "2700+10"]

1. e4 c5 2. Nf3 e6 3. d4 cxd4 4. Nxd4 Nc6 5. Nc3 Qc7 6. Be3 Nf6 7. f4 d6 8.
Be2 Be7 9. O-O O-O 10. Qe1 a6 11. Qg3 Bd7 12. Rad1 b5 13. e5 Ne8 14. Ne4 d5
15. Ng5 Nxd4 16. Bxd4 h6 17. Nf3 b4 18. Bd3 Bb5 19. Kh1 g6 20. Be3 Ng7 21.
Nd4 Bxd3 22. cxd3 Bc5 23. Rc1 Qb6 24. Rxc5 Qxc5 25. Nxe6 Qc2 26. Nxf8 Qxd3
27. Qf3 Rxf8 28. Rd1 Qc2 29. Qxd5 Qxb2 30. Qd2 Qxd2 31. Rxd2 Rc8 32. Kg1 h5
33. Kf2 a5 34. Kf3 Nf5 35. Bb6 a4 36. Rb2 Rc3+ 37. Ke4 Rc4+ 38. Kd5 a3 39.
Rf2 Rc3 40. Bc5 b3 41. Bxa3 Rd3+ 42. Kc4 bxa2 43. Rxa2 Rd4+ 44. Kc3 Rxf4 45.
Bd6 Re4 46. Kd3 Re1 47. Ra8+ Kg7 48. Bf8+ Kh7 49. Ra7 Kg8 50. Ra8 Kh7 51.
Bb4 Re3+ 52. Kd2 Rxe5 53. Bc3 Rd5+ 54. Ke2 Kh6 55. Bf6 g5 56. Kf3 Kg6 57.
Ke4 Rd2 58. Ra6 Rd6 59. Rxd6 Nxd6+ 60. Ke5 Nf5 61. Bd8 Nh4 62. g3 Nf3+ 63.
Ke4 Nxh2 64. Ke3 Kf5 65. Bc7 Ng4+ 66. Kf3 Nf6 67. Bd8 Nd5 68. Ba5 g4+ 69.
Ke2 Ke4 70. Bd2 f5 71. Bg5 f4 72. Kf2 f3 73. Bd2 Ne7 74. Bf4 h4 75. Bg5 h3
76. Kg1 Nf5 77. Bf4 Ne3 {White resigns} 0-1

[Event "ICC tourney 2093 (45 10)"]
[Site "Internet Chess Club"]
[Date "2020.10.31"]
[Round "3"]
[White "marble"]
[Black "MrNormalName"]
[Result "1-0"]
[ICCResult "Black resigns"]
[WhiteElo "2527"]
[BlackElo "2183"]
[Opening "Ruy Lopez: Berlin defense"]
[ECO "C65"]
[NIC "RL.07"]
[Time "16:02:24"]
[TimeControl "2700+10"]

1. e4 e5 2. Nf3 Nc6 3. Bb5 Nf6 4. Qe2 Bc5 5. c3 d6 6. d3 a6 7. Ba4 b5 8. Bb3
h6 9. Nbd2 O-O 10. h3 d5 11. O-O d4 12. cxd4 Nxd4 13. Nxd4 Qxd4 14. Nf3 Qd6
15. Be3 Bxe3 16. Qxe3 Be6 17. Bxe6 Qxe6 18. Rfc1 Rac8 19. Qc5 Nd7 20. Qc6
Qxc6 21. Rxc6 Nb8 22. Rc5 Nd7 23. Rd5 Rfd8 24. Rc1 c5 25. b4 c4 26. dxc4
bxc4 27. a4 f6 28. Nh4 Rc7 29. Nf5 Rb8 30. b5 axb5 31. axb5 Nb6 32. Rd6 Kf7
33. Rc6 Rxc6 34. bxc6 g6 35. c7 Rh8 36. Ne3 Ke6 37. Rb1 Nd7 38. Nxc4 Rc8 39.
Rb7 f5 40. Nb6 Nxb6 41. Rxb6+ Kd7 42. Rxg6 fxe4 43. Rxh6 Kxc7 44. Re6 Re8
45. Rxe8 Kd7 46. Rxe5 Kd6 47. Rxe4 Kd5 48. f3 {Black resigns} 1-0

[Event "ICC tourney 2093 (45 10)"]
[Site "Internet Chess Club"]
[Date "2020.10.31"]
[Round "3"]
[White "AJM04"]
[Black "chessw23"]
[Result "1/2-1/2"]
[ICCResult "Game drawn by mutual agreement"]
[WhiteElo "2039"]
[BlackElo "1984"]
[Opening "Ruy Lopez: fianchetto (Smyslov/Barnes) defense"]
[ECO "C60"]
[NIC "RL.03"]
[Time "16:01:38"]
[TimeControl "2700+10"]

1. e4 e5 2. Nf3 Nc6 3. Bb5 g6 4. Nc3 Bg7 5. Nd5 a6 6. Ba4 b5 7. Bb3 Nge7 8.
d4 h6 9. c3 exd4 10. cxd4 Na5 11. Bf4 d6 12. Rc1 c6 13. Nxe7 Qxe7 14. Bc2
O-O 15. O-O Nc4 16. Qe2 Bb7 17. Bd3 Nb6 18. Rfe1 Rfe8 19. Qe3 Kh7 20. h3
Rac8 21. b4 Nd7 22. Nd2 c5 23. dxc5 dxc5 24. bxc5 Nxc5 25. Bb1 Ne6 26. Bg3
Bd4 27. Qe2 Qa3 28. Rxc8 Rxc8 29. Nb3 Bg7 30. Rd1 Qe7 31. h4 h5 32. e5 Kg8
33. Kh2 Bh6 34. Nd4 Nf4 35. Qe3 Kh7 36. Nf5 gxf5 37. Bxf5+ Ng6 38. Qe2 Rd8
39. Qxh5 Rxd1 40. Qxd1 Kg7 41. Qd6 Qxd6 42. exd6 Kf8 43. h5 Nf4 44. d7 Bg5
45. h6 Bc6 46. d8=Q+ {Game drawn by mutual agreement} 1/2-1/2

[Event "ICC tourney 2093 (45 10)"]
[Site "Internet Chess Club"]
[Date "2020.10.31"]
[Round "3"]
[White "orenlivne"]
[Black "njspyx"]
[Result "0-1"]
[ICCResult "White resigns"]
[WhiteElo "1990"]
[BlackElo "2073"]
[Opening "King's Indian: fianchetto, Panno variation"]
[ECO "E63"]
[NIC "KI.71"]
[Time "16:01:54"]
[TimeControl "2700+10"]

1. Nf3 Nf6 2. c4 g6 3. d4 Bg7 4. g3 O-O 5. Bg2 d6 6. O-O Nc6 7. Nc3 a6 8. d5
Na5 9. b3 c5 10. dxc6 bxc6 11. Bb2 Rb8 12. Qd2 Qc7 13. Rac1 c5 14. Rfe1 e6
15. e4 Nc6 16. h3 Bb7 17. Rcd1 Rfd8 18. Qc1 e5 19. Nd5 Nxd5 20. cxd5 Ne7 21.
Bf1 Nc8 22. Qc2 Nb6 23. Bc3 Nd7 24. Bc4 Bc8 25. Kh2 Qb7 26. Qd2 Rf8 27. Kg2
h6 28. Nh4 Nb6 29. Be2 g5 30. Nf5 Bxf5 31. exf5 Rfc8 32. Qc2 Re8 33. Qe4 Nd7
34. Bc4 Nf6 35. Qd3 Ra8 36. Rh1 Qc8 37. g4 h5 38. Qe2 h4 39. Qe3 Bh6 40. Rc1
Qb7 41. Rhd1 Nd7 42. Qe4 f6 43. Rb1 Reb8 44. Rb2 Qc7 45. Qe1 Bf8 46. Ba5 Qa7
47. Bc3 Nb6 48. Bf1 Be7 49. Kh2 Qc7 50. Re2 Re8 51. Re3 Qd7 52. Ba5 Bd8 53.
Re2 Nc8 54. Bc3 Ra7 55. f4 gxf4 56. Qxh4 Qh7 57. Qf2 Bb6 58. Qf3 Qf7 59. Re4
Ne7 60. Bc4 Rb8 61. Rh1 Kg7 62. Qd3 Ng8 63. Kg2 Kf8 64. a4 a5 65. h4 Qg7 66.
Qh3 Nh6 67. Kf3 Nf7 68. Bd2 Re7 69. Qg2 Nh6 70. Rg1 Kf7 71. Be2 Rg8 72. Bc4
Qh7 73. Qh2 Kf8 74. Re2 Reg7 75. Reg2 Nf7 76. Be1 Nh6 77. Qh3 Re7 78. Ke4
Nf7 79. Qf3 Bd8 80. Bf2 Nh6 81. Qh3 Nf7 82. Qc3 Qh6 83. Qf3 Qh7 84. Be1 Bb6
85. Bf2 Bd8 86. Qe2 Nh6 87. Qf3 Nf7 88. Qd1 Nh6 89. Bb5 Reg7 90. Bc4 Nxf5
91. gxf5 Rxg2 92. Rxg2 Rxg2 93. Qf3 Rg8 94. Be2 Qb7 95. Be1 Qg7 96. Kd3 Qg1
97. Bf2 Qb1+ 98. Kc3 Qc1+ 99. Kd3 Qb2 100. Kc4 Qd2 101. Kb5 Qb4+ 102. Kc6
Qb6+ 103. Kd7 Rg7+ 104. Ke6 Qc7 {White resigns} 0-1

[Event "ICC tourney 2093 (45 10)"]
[Site "Internet Chess Club"]
[Date "2020.10.31"]
[Round "4"]
[White "Singireddy"]
[Black "funplaychess"]
[Result "1/2-1/2"]
[ICCResult "Game drawn by mutual agreement"]
[WhiteElo "2127"]
[BlackElo "2325"]
[Opening "Sicilian: Alapin's variation (2.c3)"]
[ECO "B22"]
[NIC "SI.47"]
[Time "18:31:23"]
[TimeControl "2700+10"]

1. e4 c5 2. c3 Nf6 3. e5 Nd5 4. d4 cxd4 5. cxd4 d6 6. Nf3 Nc6 7. Bc4 dxe5 8.
dxe5 Ndb4 9. O-O Qxd1 10. Rxd1 Nc2 11. Na3 Nxa3 12. bxa3 e6 13. Bb2 Be7 14.
Rac1 Bd7 15. Bb3 Rd8 16. h4 O-O 17. g3 Bc8 18. Rxd8 Rxd8 19. Rd1 Rxd1+ 20.
Bxd1 b6 21. Nd2 Na5 22. Be2 Bd7 23. Nb3 Nb7 24. Nd4 Nc5 25. Nb5 Na4 26. Bd4
a5 27. Kf1 Bc5 28. Bxc5 Nxc5 29. Nd6 Kf8 30. f4 Ke7 31. Ke1 f6 32. exf6+
gxf6 33. Nc4 Na4 34. Bd1 Bb5 35. Bxa4 Bxc4 36. Bb3 Bxb3 37. axb3 h5 38. Ke2
Kd6 39. Ke3 e5 {Game drawn by mutual agreement} 1/2-1/2

[Event "ICC tourney 2093 (45 10)"]
[Site "Internet Chess Club"]
[Date "2020.10.31"]
[Round "4"]
[White "Dking135799"]
[Black "brilliantnessme"]
[Result "0-1"]
[ICCResult "White resigns"]
[WhiteElo "2235"]
[BlackElo "2026"]
[Opening "QGD: classical variation (5.Bf4)"]
[ECO "D37"]
[NIC "QO.01"]
[Time "18:31:41"]
[TimeControl "2700+10"]

1. d4 d5 2. Nf3 Nf6 3. c4 e6 4. Nc3 Be7 5. Bf4 O-O 6. e3 c5 7. dxc5 Bxc5 8.
cxd5 Nxd5 9. Nxd5 exd5 10. Bd3 Bb4+ 11. Nd2 Nc6 12. O-O Be7 13. Nf3 Bg4 14.
h3 Bh5 15. Rc1 a6 16. a3 Re8 17. Be2 Qb6 18. Qxd5 Qxb2 19. Bc4 Bg6 20. Qd7
Bxa3 21. Nh4 Rad8 22. Qg4 Qb4 23. Bg5 Re4 24. Qg3 Bxc1 25. Bxd8 Qxc4 26. Bg5
b5 27. Qc7 Re8 28. Nf3 Bb2 29. Rd1 Bd3 30. Qd7 Rf8 31. Rxd3 h6 32. Bh4 b4
33. Rd6 Ne5 34. Qe7 Ng6 35. Qb7 Qc1+ 36. Kh2 Nxh4 37. Rxa6 Nxf3+ 38. gxf3
Qc2 39. Kg2 Bc3 40. Rc6 b3 41. Rb6 b2 42. Rb5 Rd8 43. Qc7 Rd1 44. Rb8+ Kh7
45. Qxf7 Qg6+ {White resigns} 0-1

[Event "ICC tourney 2093 (45 10)"]
[Site "Internet Chess Club"]
[Date "2020.10.31"]
[Round "4"]
[White "GGuseinov"]
[Black "Visam"]
[Result "1/2-1/2"]
[ICCResult "Game drawn by repetition"]
[WhiteElo "2709"]
[BlackElo "2598"]
[Opening "Ruy Lopez: fianchetto (Smyslov/Barnes) defense"]
[ECO "C60"]
[NIC "RL.03"]
[Time "18:31:37"]
[TimeControl "2700+10"]

1. e4 e5 2. Nf3 Nc6 3. Bb5 g6 4. d4 exd4 5. Bg5 Be7 6. Bxe7 Qxe7 7. Bxc6
dxc6 8. Qxd4 Nf6 9. Nc3 Bg4 10. O-O-O Bxf3 11. gxf3 O-O 12. Qe3 a5 13. Qg5
Rfe8 14. Rhg1 a4 15. a3 b6 16. Rd4 Ra5 17. Qf4 Nh5 18. Qd2 Qh4 19. Rh1 Qh3
20. Rd8 Rxd8 21. Qxd8+ Kg7 22. Qd4+ Kg8 23. Qd8+ Kg7 24. Qd4+ Kg8 25. Qd8+
{Game drawn by repetition}
1/2-1/2

[Event "ICC tourney 2093 (45 10)"]
[Site "Internet Chess Club"]
[Date "2020.10.31"]
[Round "4"]
[White "drberkley"]
[Black "kingcaleb"]
[Result "1-0"]
[ICCResult "Black resigns"]
[WhiteElo "1938"]
[BlackElo "2106"]
[Opening "French: Steinitz, Boleslavsky variation"]
[ECO "C11"]
[NIC "FR.04"]
[Time "18:31:25"]
[TimeControl "2700+10"]

1. e4 e6 2. Nc3 d5 3. d4 Nf6 4. e5 Nfd7 5. f4 c5 6. Nf3 Nc6 7. Be3 a6 8. Be2
Qb6 9. Na4 Qa5+ 10. c3 cxd4 11. b4 Qc7 12. Nxd4 b5 13. Nb2 Nxd4 14. Bxd4 Be7
15. O-O O-O 16. Qd2 f6 17. Qe3 Nb8 18. a4 bxa4 19. Nxa4 Nc6 20. Nb6 Rb8 21.
Nxc8 Rbxc8 22. Bxa6 Nxd4 23. Bxc8 Nc2 24. Bxe6+ Kh8 25. Qa7 Qxa7+ 26. Rxa7
Bd8 27. Kh1 fxe5 28. Rf7 Rxf7 29. Bxf7 e4 30. Bxd5 Ne3 31. Re1 Nxd5 32. Rxe4
Nf6 33. Rc4 Ng8 34. Rc8 Bb6 35. c4 Be3 36. c5 g6 37. c6 Kg7 38. Rxg8+ Kxg8
39. c7 {Black resigns} 1-0

[Event "ICC tourney 2093 (45 10)"]
[Site "Internet Chess Club"]
[Date "2020.10.31"]
[Round "4"]
[White "bishoboo"]
[Black "AJM04"]
[Result "0-1"]
[ICCResult "White checkmated"]
[WhiteElo "1939"]
[BlackElo "2046"]
[Opening "QGD Slav defense: exchange variation"]
[ECO "D10"]
[NIC "SL.01"]
[Time "18:31:39"]
[TimeControl "2700+10"]

1. d4 d5 2. c4 c6 3. cxd5 cxd5 4. Nc3 Nf6 5. Bf4 Nc6 6. e3 a6 7. Bd3 e6 8.
Nf3 Be7 9. Ne5 Nxe5 10. dxe5 Nd7 11. Qg4 Kf8 12. O-O b5 13. a3 Bb7 14. b4 h5
15. Qf3 g5 16. Ne2 g4 17. Bh6+ Rxh6 18. Qf4 Kg7 19. Nd4 Bg5 20. Qg3 Bh4 21.
Qf4 Qg5 22. g3 Qxf4 23. exf4 Bd8 24. Rab1 Bb6 25. Nb3 h4 26. Rfe1 hxg3 27.
hxg3 Rah8 28. Kf1 Rh2 29. Rb2 d4 30. Be4 d3 31. Bxb7 Rh1+ 32. Bxh1 Rxh1+ 33.
Kg2 Rxe1 34. Rd2 Re2 35. Kf1 Rxd2 36. Nxd2 Bd4 37. Ne4 Bb2 38. Nc5 Nxc5 39.
bxc5 Kf8 40. c6 Ke8 41. c7 Kd7 42. c8=B+ Kxc8 43. Ke1 Bc3+ 44. Kd1 a5 45.
Kc1 a4 46. Kd1 b4 47. Kc1 bxa3 48. Kb1 d2 49. Kc2 a2 50. Kxc3 d1=Q 51. f3
a1=Q+ 52. Kb4 Qb3+ 53. Ka5 Qac3+ 54. Ka6 Qb7# {White checkmated} 0-1

[Event "ICC tourney 2093 (45 10)"]
[Site "Internet Chess Club"]
[Date "2020.10.31"]
[Round "4"]
[White "Openyagami"]
[Black "jsl1996"]
[Result "1/2-1/2"]
[ICCResult "Game drawn by repetition"]
[WhiteElo "2595"]
[BlackElo "2646"]
[Opening "English opening"]
[ECO "A20"]
[NIC "EO.24"]
[Time "18:31:27"]
[TimeControl "2700+10"]

1. c4 e5 2. g3 Nf6 3. Bg2 c6 4. Nf3 e4 5. Nd4 Qb6 6. Nc2 d5 7. Nc3 Be7 8.
cxd5 cxd5 9. d3 O-O 10. O-O Rd8 11. Be3 Qe6 12. Nd4 Qe5 13. dxe4 dxe4 14.
Qc2 Bc5 15. Rfd1 Na6 16. Nxe4 Bxd4 17. Bxd4 Rxd4 18. Rxd4 Qxd4 19. Rd1 Qb6
20. Rd6 Qc7 21. Qxc7 Nxc7 22. Rd8+ Nfe8 23. Nd6 Be6 24. Rxa8 Nxa8 25. Nxe8
Bxa2 26. Nd6 Nb6 27. Bxb7 Kf8 28. Kf1 a5 29. Bc6 Ke7 30. Nb7 Nc4 31. Bb5
Nxb2 32. Nxa5 Kd6 33. Ke1 Kc5 34. Be8 Bd5 35. Kd2 f6 36. Kc2 Nc4 37. Nxc4
Bxc4 38. Kd2 Kd6 39. e4 Ke7 40. Bc6 Kd6 41. Ba4 h6 42. Ke3 Ke5 43. f4+ Kd6
44. h4 Ke7 45. Kd4 Be6 46. Bc6 Bg4 47. Bd5 Bf3 48. Bc4 Bg4 49. Ke3 Bd7 50.
Kf3 Bc6 51. Bd5 Bd7 52. Bg8 Bc6 53. Bh7 Bb7 54. Kg4 Bc6 55. Kh5 Be8+ 56. Bg6
Ba4 57. g4 Bb5 58. Bf5 Be8+ 59. Bg6 Bb5 60. Bf5 Be8+ 61. Bg6 Bb5 62. Bf5
Be8+ 63. Bg6 {Game drawn by repetition} 1/2-1/2

[Event "ICC tourney 2093 (45 10)"]
[Site "Internet Chess Club"]
[Date "2020.10.31"]
[Round "4"]
[White "Frolik67"]
[Black "IndianTerritory"]
[Result "0-1"]
[ICCResult "White checkmated"]
[WhiteElo "2128"]
[BlackElo "2084"]
[Opening "Caro-Kann: advance variation"]
[ECO "B12"]
[NIC "CK.04"]
[Time "18:31:17"]
[TimeControl "2700+10"]

1. e4 c6 2. d4 d5 3. e5 Bf5 4. g4 Be4 5. f3 Bg6 6. Ne2 e6 7. h4 Qa5+ 8. Bd2
Qb6 9. h5 Ne7 10. hxg6 Nxg6 11. Nbc3 Be7 12. Bg2 Nd7 13. Be3 Ngxe5 14. dxe5
Qxe3 15. Qd4 Qxd4 16. Nxd4 Nxe5 17. O-O-O Rd8 18. Nde2 Nc4 19. Rh2 Ne3 20.
Rdh1 Bd6 21. f4 g5 22. Bf3 gxf4 23. Rxh7 Rg8 24. Nd4 Bc5 25. Nce2 e5 26. Nb3
Bb6 27. g5 Rxg5 28. R1h5 Rxh5 29. Bxh5 Rd7 30. Nd2 Bd8 31. Rh8+ Ke7 32. Nf3
Bc7 33. Ng5 e4 34. Kd2 Nc4+ 35. Ke1 f3 36. Nd4 Bg3+ 37. Kd1 Nxb2+ 38. Kc1
Bf4+ 39. Kxb2 Bxg5 40. Rh7 Kf6 41. Kc3 f2 42. Be2 Kg6 43. Rh2 Be3 44. Rg2+
Kf6 45. Rg3 Bf4 46. Rg2 Be5 47. Rxf2+ Ke7 48. Bh5 f6 49. Rf5 Kd6 50. Be2 Rg7
51. Rh5 Bxd4+ 52. Kxd4 Rg3 53. Bd3 c5+ 54. Kc3 exd3 55. cxd3 c4 56. Rh6
Rxd3+ 57. Kc2 Ke5 58. Rh7 Ra3 59. Rxb7 Rxa2+ 60. Kc3 Ra3+ 61. Kc2 a5 62.
Re7+ Kd4 63. Kb2 Rb3+ 64. Ka2 a4 65. Ka1 f5 66. Re2 f4 67. Rd2+ Kc5 68. Rf2
f3 69. Ka2 d4 70. Rf1 c3 71. Rxf3 Rb2+ 72. Ka3 Kc4 73. Rf8 Rb5 74. Ka2 c2
75. Rf7 a3 76. Rf1 Rb1 77. Rf4 Ra1+ 78. Kxa1 c1=Q+ 79. Ka2 Qb2#
{White checkmated}
0-1

[Event "ICC tourney 2093 (45 10)"]
[Site "Internet Chess Club"]
[Date "2020.10.31"]
[Round "4"]
[White "jy2020"]
[Black "e4f5"]
[Result "0-1"]
[ICCResult "White checkmated"]
[WhiteElo "2215"]
[BlackElo "2237"]
[Opening "Sicilian"]
[ECO "B56"]
[NIC "SI.25"]
[Time "18:31:20"]
[TimeControl "2700+10"]

1. e4 c5 2. Nf3 d6 3. d4 cxd4 4. Nxd4 Nf6 5. Nc3 Nc6 6. f3 e5 7. Nb3 Be7 8.
Be3 O-O 9. Qd2 Be6 10. O-O-O a5 11. Bb5 Na7 12. Bxa7 Rxa7 13. Qf2 Ra8 14.
Kb1 Rc8 15. a4 Rxc3 16. bxc3 Qc7 17. Qe3 Rc8 18. g4 Nd7 19. c4 Bxc4 20. Qc3
Nb6 21. Ka1 d5 22. Nxa5 d4 23. Qb2 Nxa4 24. Bxa4 Qxa5 25. Kb1 Qxa4 26. Qa1
Ba3 27. Rd3 Bxd3 28. cxd3 Qc2# {White checkmated} 0-1

[Event "ICC tourney 2093 (45 10)"]
[Site "Internet Chess Club"]
[Date "2020.10.31"]
[Round "4"]
[White "njspyx"]
[Black "premierchess"]
[Result "0-1"]
[ICCResult "White resigns"]
[WhiteElo "2044"]
[BlackElo "2190"]
[Opening "Caro-Kann: advance variation"]
[ECO "B12"]
[NIC "CK.02"]
[Time "18:31:54"]
[TimeControl "2700+10"]

1. e4 c6 2. d4 d5 3. e5 c5 4. dxc5 e6 5. a3 Bxc5 6. Nf3 Nc6 7. b4 Bb6 8. Bb2
Nge7 9. Bd3 Ng6 10. Nbd2 Nf4 11. O-O Nxd3 12. cxd3 O-O 13. Nb3 Bd7 14. Qd2
a5 15. b5 Ne7 16. a4 Nf5 17. Nfd4 Nxd4 18. Nxd4 Qh4 19. Nf3 Qg4 20. d4 Rfc8
21. Rfc1 Bd8 22. Ba3 b6 23. Bd6 Qf5 24. h3 Rc4 25. Rxc4 dxc4 26. Rc1 Rc8 27.
Qe2 Qd3 28. Qxd3 cxd3 29. Rxc8 Bxc8 30. Nd2 Bg5 31. Ne4 Bb7 32. Nc3 Bc1 33.
Kf1 Bb2 34. Nb1 Bxd4 35. f3 Bd5 36. Nd2 Bc3 37. Nb1 Bd4 38. Nd2 f6 39. exf6
gxf6 40. Ke1 Kf7 41. Bc7 e5 42. Ne4 f5 43. Nd6+ Ke6 44. Nc8 Bc3+ 45. Kd1
Bb3+ {White resigns} 0-1

[Event "ICC tourney 2093 (45 10)"]
[Site "Internet Chess Club"]
[Date "2020.10.31"]
[Round "4"]
[White "GeorgeDai"]
[Black "Chessking2008"]
[Result "1-0"]
[ICCResult "Black resigns"]
[WhiteElo "2031"]
[BlackElo "2168"]
[Opening "Benoni: classical with e4 and Nf3"]
[ECO "A70"]
[NIC "BI.20"]
[Time "18:31:24"]
[TimeControl "2700+10"]

1. d4 Nf6 2. Nf3 c5 3. d5 e6 4. c4 exd5 5. cxd5 d6 6. Nc3 g6 7. e4 Bg7 8. h3
O-O 9. Bd3 b5 10. Nxb5 Re8 11. O-O Nxe4 12. Qc2 Nf6 13. Bf4 Nxd5 14. Bxd6
Nb4 15. Qb3 Nxd3 16. Qxd3 Ba6 17. Rfd1 Nc6 18. a4 Qb6 19. Qc4 Na5 20. Qxc5
Qxc5 21. Bxc5 Bxb5 22. axb5 Nb3 23. Bxa7 Nxa1 24. Rxa1 Reb8 25. Ra5 Rb7 26.
b6 Bxb2 27. Ne5 Rc8 28. Rd5 f6 29. Nd3 Ba3 30. f3 Kf7 31. h4 Ke6 32. Nf4+
Ke7 33. h5 g5 34. Ne2 Bc5+ 35. Kh2 Ke6 36. Rd3 f5 37. Nd4+ Ke5 38. Nb5 Rc6
39. Nc3 Bxb6 40. Bxb6 Rbxb6 41. Ne2 Rb4 42. Ng3 Rc1 43. Ne2 Rh4+ 44. Kg3
Rxh5 45. Nxc1 Rh1 46. Ne2 f4+ 47. Kf2 h5 48. Rd8 Ra1 49. Rh8 h4 50. Rg8 Kf6
51. Rf8+ Ke5 52. Rg8 Kf6 53. Nc3 Kf5 54. Ne4 {Black resigns} 1-0

[Event "ICC tourney 2093 (45 10)"]
[Site "Internet Chess Club"]
[Date "2020.10.31"]
[Round "4"]
[White "Aleksandrov73"]
[Black "aplusk"]
[Result "1/2-1/2"]
[ICCResult "Game drawn by repetition"]
[WhiteElo "2649"]
[BlackElo "2588"]
[Opening "QGD Slav defense"]
[ECO "D10"]
[NIC "SL.01"]
[Time "18:31:39"]
[TimeControl "2700+10"]

1. d4 d5 2. c4 c6 3. Nc3 Nf6 4. e3 Bf5 5. cxd5 cxd5 6. Qb3 Nc6 7. Nf3 Rb8 8.
Bd2 e6 9. Nh4 Be4 10. f3 Bg6 11. Nxg6 hxg6 12. O-O-O Bd6 13. h3 a6 14. Kb1
b5 15. Ne2 Nd7 16. e4 Nb6 17. e5 Be7 18. f4 Nc4 19. Bc1 a5 20. g4 a4 21. Qf3
b4 22. f5 Qb6 23. h4 b3 24. a3 Bxa3 25. fxe6 fxe6 26. Nf4 Bxb2 27. Nxe6 a3
28. Nxg7+ Kd8 29. Qxd5+ Kc8 30. Bxb2 a2+ 31. Ka1 Ne3 32. Qe6+ Kd8 33. Qd6+
Kc8 34. Qe6+ Kd8 35. Qd6+ Kc8 36. Qe6+ {Game drawn by repetition} 1/2-1/2

[Event "ICC tourney 2093 (45 10)"]
[Site "Internet Chess Club"]
[Date "2020.10.31"]
[Round "4"]
[White "Sergeiaza"]
[Black "speedskater"]
[Result "1/2-1/2"]
[ICCResult "Game drawn by repetition"]
[WhiteElo "2668"]
[BlackElo "2630"]
[Opening "French: Tarrasch, open variation"]
[ECO "C07"]
[NIC "FR.18"]
[Time "18:31:32"]
[TimeControl "2700+10"]

1. e4 e6 2. d4 d5 3. Nd2 c5 4. Ngf3 cxd4 5. Nxd4 Nf6 6. exd5 a6 7. Bc4 exd5
8. Bb3 Bd6 9. Qe2+ Qe7 10. Qxe7+ Kxe7 11. O-O Rd8 12. Re1+ Kf8 13. N2f3 h6
14. Be3 Bd7 15. Rad1 Nc6 16. Nxc6 Bxc6 17. Bd4 Nd7 18. Nh4 Nc5 19. Nf5 Ne6
20. Nxd6 Rxd6 21. Bb6 Kg8 22. f3 Ba4 23. Bxa4 Rxb6 24. Rxd5 Rxb2 25. Bb3 Rc8
26. Rd7 Nc5 27. Bxf7+ Kf8 28. Rde7 Nd3 29. cxd3 Rcc2 30. Bc4 Rxg2+ 31. Kh1
Rxh2+ 32. Kg1 Rhg2+ 33. Kh1 Rh2+ 34. Kg1 Rhg2+ 35. Kh1 Rh2+
{Game drawn by repetition}
1/2-1/2

[Event "ICC tourney 2093 (45 10)"]
[Site "Internet Chess Club"]
[Date "2020.10.31"]
[Round "4"]
[White "RogerZ"]
[Black "orenlivne"]
[Result "0-1"]
[ICCResult "White resigns"]
[WhiteElo "1940"]
[BlackElo "2022"]
[Opening "Sicilian: Hungarian variation"]
[ECO "B34"]
[NIC "SI.33"]
[Time "18:31:34"]
[TimeControl "2700+10"]

1. e4 c5 2. Nf3 g6 3. d4 cxd4 4. Nxd4 Nc6 5. Be3 Nf6 6. Nc3 Bg7 7. Be2 O-O
8. O-O d5 9. exd5 Nb4 10. Nb3 Nbxd5 11. Nxd5 Nxd5 12. Bd4 Nf6 13. c3 Qc7 14.
h3 Rd8 15. Qe1 e5 16. Bc5 Be6 17. Ba3 b6 18. Bf3 Rac8 19. Nd2 Nd5 20. Ne4
Nf4 21. Rd1 Bxa2 22. Nd6 Bc4 23. Nxc8 Qxc8 24. Rxd8+ Qxd8 25. Qd1 Qg5 26.
Qd7 h5 27. Re1 Be6 28. Qe8+ Kh7 29. Kh2 Nxh3 30. gxh3 Qf4+ 31. Kg1 Qxf3 32.
Re3 Qd1+ 33. Kh2 Bh6 34. Be7 Bf4+ 35. Rg3 Bd5 36. f3 Qxf3 {White resigns}
0-1

[Event "ICC tourney 2093 (45 10)"]
[Site "Internet Chess Club"]
[Date "2020.10.31"]
[Round "4"]
[White "TjkTiger"]
[Black "NyzhnykIllia"]
[Result "1/2-1/2"]
[ICCResult "Game drawn because neither player has mating material"]
[WhiteElo "2608"]
[BlackElo "2712"]
[Opening "QGD: 3.Nc3"]
[ECO "D31"]
[NIC "EO.64"]
[Time "18:32:08"]
[TimeControl "2700+10"]

1. c4 e6 2. Nc3 d5 3. d4 Bb4 4. cxd5 exd5 5. Bf4 c5 6. dxc5 Nc6 7. e3 Nf6 8.
Bb5 Qa5 9. Bxc6+ bxc6 10. Ne2 Ba6 11. Be5 Ne4 12. O-O Bxc3 13. Nxc3 Nxc5 14.
Qg4 Ne6 15. b4 Qd8 16. b5 Bxb5 17. Nxb5 cxb5 18. f4 O-O 19. f5 Qg5 20. Qh3
Nc5 21. Rf4 h5 22. Rh4 g6 23. Rf1 Ne4 24. fxg6 Qxe5 25. Rxh5 Qc3 26. gxf7+
Rxf7 27. Rxf7 Kxf7 28. Qd7+ Kf8 29. Qf5+ Nf6 30. Rh8+ Kg7 31. Rxa8 Qxe3+ 32.
Qf2 Qc1+ 33. Qf1 Qc5+ 34. Kh1 Ne4 35. g3 d4 36. Qf4 Ng5 37. Rxa7+ Qxa7 38.
Qxg5+ Kh7 39. Qxb5 Qxa2 40. Qd3+ Kg8 41. Qxd4 Qe2 42. Kg1 Kh7 43. h4 Qe6 44.
Qf2 Kh8 45. Kh2 Qd7 46. Qe3 Kh7 47. Qe4+ Kh8 48. Qf4 Kh7 49. g4 Qe7 50. Kh3
Qa3+ 51. Qg3 Qc1 52. Qd3+ Kh8 53. Qd4+ Kh7 54. Qe4+ Kg7 55. h5 Qc3+ 56. Kh4
Qf6+ 57. g5 Qf2+ 58. Kg4 Qg1+ 59. Kf5 Qf2+ 60. Qf4 Qc2+ 61. Ke6 Qc6+ 62. Qd6
Qc4+ 63. Kf5 Qc2+ 64. Ke6 Qc4+ 65. Ke7 Qf7+ 66. Kd8 Qxh5 67. Qf6+ Kg8 68.
Qe6+ Qf7 69. Qxf7+ Kxf7 70. g6+ Kxg6
{Game drawn because neither player has mating material}
1/2-1/2